 Dungeon Crawl Stone Soup version 0.23.2-40-g277498a001 (webtiles) character file.

Game seed: 9539107672090432447

45922 DildoBatman the Peltast (level 14, -5/101 (103) HPs)
             Began as a Formicid Wizard on Sept 20, 2019.
             Was an Initiate of Gozag.
             Killed by drain life
             ... invoked by a soul eater
             ... summoned by the malice of Kikubaaqudgha
              (7 damage)
             ... on level 4 of the Lair of Beasts.
             The game lasted 01:36:39 (19160 turns).

DildoBatman the Peltast (Formicid Wizard)          Turns: 19160, Time: 01:36:39

HP:   -5/101 (103)  AC: 11    Str: 15      XL:     14   Next: 73%
MP:   24/35         EV: 18    Int: 26      God:    Gozag
Gold: 1743          SH: 20    Dex:  9 (12) Spells: 7/29 levels left

rFire    . . .     SeeInvis +   a - +7 falchion of Discomfort {slice, Str+2 Dex+3}
rCold    + . .     Gourm    .   Q - +2 large shield of the Solstice {rElec Int+4}
rNeg     . . .     Faith    .   o - +0 troll leather armour
rPois    +         Spirit   .   (helmet unavailable)
rElec    +         Reflect  .   N - +1 cloak of Starlight {rElec rC+ EV+4 Stlth--}
rCorr    .         Harm     .   f - +0 pair of gloves
MR       +....                  j - +1 pair of boots {Stlth+}
Stlth    +.........             r - amulet of regeneration
HPRegen  1.06/turn              V - ring of magical power
MPRegen  0.24/turn              Y - ring of poison resistance

@: no status effects
A: permanent stasis, dig shafts and tunnels, four strong arms, antennae 3
a: Dig, Shaft Self, Potion Petition, Call Merchant, Bribe Branch, Renounce
Religion


You were on level 4 of the Lair of Beasts.
You worshipped Gozag.
Gozag was most pleased with you.
You were not hungry.

You visited 4 branches of the dungeon, and saw 18 of its levels.
You also visited: Bailey and Gauntlet.

You collected 2544 gold pieces.
You spent 124 gold pieces at shops.
You paid 677 gold pieces to Gozag.

Inventory:

Hand Weapons
 a - the +7 falchion of Discomfort (weapon) {slice, Str+2 Dex+3}
   (You took it off a minotaur in a Gauntlet)

   It inflicts extra damage upon your enemies.
   It affects your strength (+2).
   It affects your dexterity (+3).
 b - a +3 scimitar of flaming
 d - a +4 dagger of venom
 e - a +1 glaive of venom
Missiles
 D - 2 throwing nets (quivered)
Armour
 f - a +0 pair of gloves (worn)
 j - a +1 pair of boots of stealth (worn)
 o - a +0 troll leather armour (worn)
 N - the +1 cloak of Starlight (worn) {rElec rC+ EV+4 Stlth--}
   (You found it on level 7 of the Dungeon)

   It affects your evasion (+4).
   It protects you from cold.
   It insulates you from electricity.
   It makes you much less stealthy.
 Q - the +2 large shield of the Solstice (worn) {rElec Int+4}
   (You found it in a bailey)

   It affects your intelligence (+4).
   It insulates you from electricity.
Magical Staves
 M - an uncursed staff of fire
Jewellery
 r - an amulet of regeneration (around neck)
 V - a ring of magical power (left hand)
 X - an uncursed ring of protection from cold
 Y - a ring of poison resistance (right hand)
Wands
 i - a wand of acid (2)
 s - a wand of flame (44)
 z - a wand of iceblast (7)
 P - a wand of clouds (2)
 U - a wand of digging (4)
 Z - a wand of paralysis (10)
Scrolls
 c - a scroll of brand weapon {unknown}
 n - a scroll of enchant armour {unknown}
 q - 3 scrolls of amnesia
 u - 6 scrolls of immolation
 x - 6 scrolls of remove curse
 y - 4 scrolls of fog {unknown}
 B - a scroll of noise {unknown}
 C - a scroll of magic mapping
 F - 2 scrolls of holy word {unknown}
 G - 3 scrolls of random uselessness {unknown}
 H - 2 scrolls of enchant weapon {unknown}
 J - a scroll of vulnerability {unknown}
 R - a scroll of fear {unknown}
 W - 2 scrolls of summoning
Potions
 g - 3 potions of berserk rage {unknown}
 h - a potion of resistance {unknown}
 k - 3 potions of degeneration {unknown}
 l - 7 potions of curing
 m - 4 potions of might
 p - a potion of mutation {unknown}
 t - 5 potions of flight {unknown}
 w - 4 potions of heal wounds
 A - 3 potions of invisibility {unknown}
 E - a potion of magic {unknown}
 I - 3 potions of brilliance {unknown}
 K - a potion of lignification {unknown}
 L - 2 potions of agility {unknown}
 S - a potion of ambrosia {unknown}
Miscellaneous
 O - 2 sacks of spiders
 T - a phial of floods
Comestibles
 v - 23 rations


   Skills:
 * Level 7.1 Fighting
 * Level 6.6 Armour
 * Level 5.9 Dodging
 - Level 3.1 Stealth
 - Level 15.0 Shields
 - Level 8.0 Spellcasting
 - Level 6.0 Conjurations
   Level 1.0 Summonings
 - Level 9.0 Necromancy
   Level 0.8 Translocations
 - Level 5.0 Fire Magic
 - Level 5.1 Air Magic
 - Level 9.0 Earth Magic
 - Level 6.0 Poison Magic
 - Level 1.3 Evocations


You had 7 spell levels left.
You knew the following spells:

 Your Spells              Type           Power        Failure   Level  Hunger
a - Conjure Flame         Conj/Fire      #####...     1%          3    None
b - Borgnjor's Vile Clut  Necr/Erth      ######....   4%          5    ####...
c - Magic Dart            Conj           ####         1%          1    None
d - Vampiric Draining     Necr           ######....   1%          3    None
e - Mephitic Cloud        Conj/Pois/Air  #####...     1%          3    None
h - Dispel Undead         Necr           ######..     4%          5    ####...
z - Sublimation of Blood  Necr           ######....   1%          2    None

Your spell library contained the following spells:

 Spells                   Type           Power        Failure   Level  Hunger
 Animate Skeleton         Necr           N/A          1%          1    None
 Pain                     Necr           ####         1%          1    None
 Searing Ray              Conj           #####.       1%          2    None
 Iskenderun's Mystic Bla  Conj           #####...     5%          4    ##.....
 Dazzling Spray           Conj/Hex       ####..       6%          3    None
 Call Imp                 Summ           ###.....     7%          2    None
 Slow                     Hex            ##......     10%         2    None
 Recall                   Summ/Tloc      N/A          14%         3    None
 Force Lance              Conj/Tloc      ####....     16%         4    ##.....
 Fulminant Prism          Conj/Hex       ####......   19%         4    ##.....
 Death Channel            Necr           ######....   26%         6    ######.
 Excruciating Wounds      Chrm/Necr      ####......   28%         5    ####...
 Aura of Abjuration       Summ           ###.......   77%         5    ####...
 Summon Demon             Summ           ###.......   77%         5    ####...
 Summon Forest            Summ/Tloc      ###.......   77%         5    ####...
 Summon Mana Viper        Hex/Summ       ##......     83%         5    ####...
 Simulacrum               Ice/Necr       ####......   85%         6    ######.
 Shadow Creatures         Summ           N/A          100%        6    ######.
 Haunt                    Necr/Summ      #####.....   100%        7    #######
 Borgnjor's Revivificati  Necr           ######....   100%        8    #######
 Death's Door             Chrm/Necr      ####......   100%        8    #######
 Infestation              Necr           ######....   100%        8    #######
 Necromutation            Tmut/Necr      ####......   100%        8    #######
 Blink                    Tloc           Unusable     N/A         2    N/A

Dungeon Overview and Level Annotations

Branches:
Dungeon (11/15)            Temple (1/1) D:6            Lair (4/6) D:11
  Snake (0/4) Lair:3          Orc (2/2) D:11            Elf (0/3) Orc:2
  Swamp: Lair:2-4    Shoals: Lair:2-4

Altars:
Ashenzari
Cheibriados
Dithmenos
Elyvilon
Fedhas
Gozag
Hepliaklqana
Kikubaaqudgha
Makhleb
Nemelex Xobeh
Okawaru
Qazlal
Ru
Sif Muna
Trog
Uskayaw
Vehumet
Wu Jian
Xom
Yredelemnul
Zin
The Shining One
Beogh

Shops:
D:4 *   D:9 =   Orc:2 (([}


Innate Abilities, Weirdness & Mutations

You cannot be hasted, slowed, berserked, paralysed or teleported.
You can dig through walls and to a lower floor.
Your four strong arms can wield two-handed weapons with a shield.
You have a pair of large antennae on your head. (SInv)


Message History

The komodo dragon zombie is lightly damaged.
The zombie hands constrict the soul eater!
You block the komodo dragon zombie's attack.
You hit the komodo dragon zombie.
The komodo dragon zombie is lightly damaged.
The zombie hands constrict the soul eater!!
The soul eater draws from the surrounding life force!
You block the komodo dragon zombie's attack.
The zombie hands constrict the soul eater.
The soul eater draws from the surrounding life force!
The soul eater is healed.
The soul eater draws from the surrounding life force!
The zombie hands constrict the soul eater!
The soul eater escapes!
The soul eater draws from the surrounding life force!
The soul eater draws from the surrounding life force!
The soul eater is healed.
The soul eater draws from the surrounding life force!
You die...
Your body crumbles into a pile of gold.

..#########..P######..##P...####.
..# #######...###.#.#.##.P.......
..# #....##.......[......[..##. .
..# #.........P..3.....##...# .
..###.##.#....#P......## ...# .
..##.######..###.Z.#..# #...##.
...##..##....###.ยง#3..##.......
. .............P.##..#.#.........
.
...[............@................
############.###.####.####.#PP##.
# ### ### ### # #


You could see 2 soul eaters and a komodo dragon zombie.

Vanquished Creatures
  Azrael (Orc:2)
  A minotaur (Gauntlet)
  Snorg (D:10)
  3 hydras
  2 two-headed ogres
  Erica (D:10)
  3 death yaks (Gauntlet)
  A queen ant (Gauntlet)
  3 orc high priests (Orc:2)
  Sonja (Orc:1)
  Nergalle (D:11)
  A fire crab (Gauntlet)
  Pikel (D:9)
  5 orc sorcerers (Orc:2)
  5 orc knights
  A cyclops (D:11)
  10 elephants (Lair:4)
  Maurice (D:11)
  2 black mambas (Lair:2)
  A torpor snail (Gauntlet)
  11 spiny frogs
  A centaur skeleton (D:11)
  An efreet (D:11)
  2 rime drakes
  5 komodo dragons
  A yaktaur (D:11)
  A troll (shapeshifter) (D:11)
  3 polar bears (Lair:3)
  2 trolls
  A hornet (D:11)
  5 hippogriffs
  A hydra skeleton (Lair:1)
  A dream sheep (Lair:2)
  A black mamba zombie (Lair:4)
  A shadow (D:11)
  Sigmund (D:5)
  A basilisk (Lair:3)
  A wraith (D:11)
  A spriggan (Lair:2)
  4 fire bats (Gauntlet)
  4 fire elementals (Orc:2)
  A hungry ghost (D:9)
  16 yaks
  3 nagas (Lair:3)
  5 soldier ants
  A warg (Orc:1)
  An acid dragon (D:11)
  4 water moccasins
  A hell hound (Orc:2)
  9 porcupines
  27 orc warriors
  A sky beast (D:9)
  4 slaves (D:9)
  A blink frog zombie (Lair:4)
  3 black bears
  5 ice beasts
  A necrophage (D:6)
  14 ogres
  An elephant skeleton (Lair:1)
  7 crocodiles
  A torpor snail zombie (Lair:4)
  A dream sheep skeleton (Lair:1)
  3 centaurs
  A big kobold (D:11)
  A rime drake skeleton (Lair:4)
  A komodo dragon zombie (Lair:4)
  16 bullfrogs
  A hippogriff skeleton (Lair:1)
  A komodo dragon skeleton (Lair:4)
  2 wyvern zombies
  A wyvern skeleton (D:11)
  A scorpion (D:11)
  2 water moccasin skeletons
  17 killer bees
  A yak zombie (Lair:4)
  A wight (D:11)
  An electric eel (Lair:1)
  4 howler monkeys
  5 crimson imps
  3 bullfrog zombies
  3 bullfrog skeletons
  5 jellies
  14 orc wizards
  18 orc priests
  5 hounds
  Crazy Yiuf (D:2)
  2 centaur zombies
  Ijyb (D:5)
  Natasha (thrice) (D:4)
  Terence (D:3)
  5 iguanas
  8 worker ants
  A porcupine skeleton (Lair:4)
  2 crocodile zombies (Lair:4)
  A centaur simulacrum (D:11)
  A hound skeleton (D:6)
  A hound zombie (D:11)
  3 worker ant zombies
  4 gnolls (D:2)
  12 adders
  4 shadow imps
  5 oozes (D:8)
  3 worms
  4 leopard geckos
  77 orcs
  2 ball pythons (D:2)
  6 bats
  11 giant cockroaches
  2 goblins
  7 hobgoblins
  13 jackals
  3 kobolds (D:3)
  4 quokkas
  4 frilled lizards
  A leopard gecko skeleton (D:5)
  2 leopard gecko zombies
  A quokka skeleton (D:6)
  2 rats (D:3)
  A fungus (Lair:2)
  A plant (Lair:4)
507 creatures vanquished.

Vanquished Creatures (collateral kills)
  A killer bee (D:9)
1 creature vanquished.

Vanquished Creatures (others)
  A wizard (D:5)
  An orc wizard (Orc:2)
  A worker ant (D:9)
  3 fungi
  A plant (Gauntlet)
7 creatures vanquished.

Grand Total: 515 creatures vanquished

Notes
Turn   | Place    | Note
-------+----------+-------------------------------------------
     0 | D:1      | DildoBatman the Formicid Wizard began the quest for the
                  | Orb.
     0 | D:1      | Reached XP level 1. HP: 13/13 MP: 4/4
    30 | D:1      | Reached skill level 1 in Conjurations
   194 | D:1      | Reached XP level 2. HP: 19/19 MP: 1/6
   875 | D:2      | Found a shattered altar of Ashenzari.
   969 | D:2      | Found a runed translucent door.
   970 | D:2      | Noticed Crazy Yiuf
  1057 | D:2      | Reached XP level 3. HP: 24/24 MP: 4/7
  1062 | D:2      | Learned a level 3 spell: Conjure Flame
  1066 | D:2      | Learned a level 3 spell: Mephitic Cloud
  1928 | D:3      | Reached XP level 4. HP: 30/30 MP: 3/8
  2262 | D:3      | Found a shattered altar of Ashenzari.
  2368 | D:3      | Reached XP level 5. HP: 35/35 MP: 4/9
  2397 | D:3      | Noticed an ice beast
  2566 | D:3      | Noticed Terence
  3123 | D:4      | Reached skill level 5 in Conjurations
  3123 | D:4      | Reached XP level 6. HP: 34/41 MP: 5/10
  3235 | D:4      | Found Esom's Assorted Antiques.
  3321 | D:4      | Noticed Natasha
  3592 | D:4      | Found a glowing golden altar of the Shining One.
  3663 | D:4      | Found a burning altar of Makhleb.
  3725 | D:5      | Entered Level 5 of the Dungeon
  3726 | D:5      | Noticed Ijyb
  3861 | D:5      | Found a bloodstained altar of Trog.
  3862 | D:5      | Noticed a wizard
  3867 | D:5      | Killed a wizard
  4045 | D:6      | Found a staircase to the Ecumenical Temple.
  4051 | Temple   | Entered the Ecumenical Temple
  4287 | Temple   | Became a worshipper of Kikubaaqudgha
  4470 | D:5      | Reached skill level 1 in Poison Magic
  4540 | D:5      | Reached skill level 1 in Fire Magic
  4543 | D:5      | Reached XP level 7. HP: 14/46 MP: 3/11
  4696 | D:5      | Reached skill level 1 in Air Magic
  4951 | D:5      | Noticed Sigmund
  4974 | D:5      | Killed Sigmund
  5120 | D:5      | Reached XP level 8. HP: 52/52 MP: 8/12
  5298 | D:5      | Killed Ijyb
  5448 | D:3      | Killed Terence
  5618 | D:2      | Killed Crazy Yiuf
  5928 | D:4      | Killed Natasha
  5973 | D:4      | Noticed Natasha
  5982 | D:4      | Killed Natasha
  6115 | D:4      | Noticed Natasha
  6122 | D:4      | Killed Natasha
  6254 | D:6      | Reached skill level 5 in Poison Magic
  6430 | D:6      | Reached XP level 9. HP: 55/57 MP: 11/13
  6467 | D:6      | Found an opulent altar of Gozag.
  6835 | D:6      | Found a snail-covered altar of Cheibriados.
  6835 | D:6      | Found a hazy altar of Hepliaklqana.
  7006 | D:6      | Reached skill level 5 in Fire Magic
  7243 | D:7      | Found a blossoming altar of Fedhas.
  7267 | D:7      | Found the +1 cloak of Starlight {rElec rC+ EV+4 Stlth--}
  7317 | D:7      | Found a sacrificial altar of Ru.
  7348 | D:7      | Noticed a hippogriff
  7368 | D:7      | Killed a hippogriff
  7368 | D:7      | Reached skill level 5 in Air Magic
  7443 | D:7      | Reached * piety under Kikubaaqudgha
  7443 | D:7      | Identified Kikubaaqudgha's Catalogue of Unholy Rites
                  | (Kikubaaqudgha gifted it to you on level 7 of the Dungeon)
  7443 | D:7      | Received a gift from Kikubaaqudgha
  7448 | D:7      | Learned a level 2 spell: Sublimation of Blood
  7452 | D:7      | Learned a level 3 spell: Vampiric Draining
  7545 | D:7      | Found a deep blue altar of Sif Muna.
  8165 | D:8      | Noticed a troll
  8223 | D:7      | Killed a troll
  8223 | D:7      | Reached skill level 5 in Spellcasting
  8292 | D:8      | Found a basalt altar of Yredelemnul.
  8614 | D:8      | Reached ** piety under Kikubaaqudgha
  8668 | D:8      | Noticed a hippogriff
  8679 | D:8      | Reached XP level 10. HP: 63/63 MP: 9/20
  9007 | D:9      | Found Bucef's Jewellery Shop.
  9118 | D:9      | Reached skill level 1 in Necromancy
  9319 | D:9      | Noticed Pikel
  9355 | D:9      | Killed Pikel
  9355 | D:9      | Reached skill level 5 in Necromancy
  9494 | D:9      | Reached *** piety under Kikubaaqudgha
  9494 | D:9      | Identified Kikubaaqudgha's Tome of Dark Rites
                  | (Kikubaaqudgha gifted it to you on level 9 of the Dungeon)
  9494 | D:9      | Received a gift from Kikubaaqudgha
  9504 | D:9      | Learned a level 5 spell: Borgnjor's Vile Clutch
  9510 | D:9      | Learned a level 5 spell: Dispel Undead
  9739 | D:10     | Entered Level 10 of the Dungeon
  9739 | D:10     | Noticed Snorg
  9947 | D:10     | Reached XP level 11. HP: 28/68 MP: 20/23
  9967 | D:10     | HP: 2/68 [ice beast (6)]
 10084 | D:10     | Noticed Erica
 10102 | D:10     | Killed Erica
 10102 | D:10     | Reached skill level 1 in Earth Magic
 10149 | D:10     | Noticed a two-headed ogre
 10222 | D:10     | Killed a two-headed ogre
 10290 | D:10     | Reached skill level 5 in Earth Magic
 10367 | D:10     | Killed Snorg
 10497 | D:11     | Noticed Nergalle
 10505 | D:11     | Noticed a spectral orc warlord
 10549 | D:11     | Killed Nergalle
 10620 | D:11     | Reached **** piety under Kikubaaqudgha
 10735 | D:11     | Found a flagged portal.
 10826 | Bailey   | Entered a bailey
 11027 | Bailey   | Noticed an orc knight
 11032 | Bailey   | Killed an orc knight
 11034 | Bailey   | Reached skill level 1 in Armour
 11034 | Bailey   | Reached skill level 1 in Evocations
 11035 | Bailey   | Reached skill level 1 in Fighting
 11035 | Bailey   | Reached XP level 12. HP: 76/76 MP: 20/24
 11111 | Bailey   | Got a pitted large shield
 11179 | D:11     | Identified the +2 large shield of the Solstice {rElec
                  | Int+4} (You found it in a bailey)
 11260 | D:11     | Reached skill level 1 in Shields
 11353 | D:11     | Reached skill level 2 in Shields
 11363 | D:11     | Found a glowing silver altar of Zin.
 11375 | D:11     | Found a staircase to the Lair.
 11408 | D:11     | Reached skill level 3 in Shields
 11437 | D:11     | Reached skill level 4 in Shields
 11582 | D:11     | Noticed Maurice
 11602 | D:11     | Killed Maurice
 11608 | D:11     | Reached skill level 5 in Shields
 11610 | D:11     | Reached ***** piety under Kikubaaqudgha
 11646 | D:11     | Noticed an eight-headed hydra
 11655 | D:11     | Killed an eight-headed hydra
 11655 | D:11     | Reached skill level 6 in Shields
 11661 | D:11     | Found a staircase to the Orcish Mines.
 11777 | D:11     | Reached skill level 7 in Shields
 11909 | D:11     | Reached skill level 8 in Shields
 12211 | Orc:1    | Entered Level 1 of the Orcish Mines
 12330 | Orc:1    | Noticed Sonja
 12347 | Orc:1    | Killed Sonja
 12355 | Orc:1    | Found a roughly hewn altar of Beogh.
 12360 | Orc:1    | Reached skill level 9 in Shields
 12568 | Orc:2    | Entered Level 2 of the Orcish Mines
 12568 | Orc:2    | Noticed a two-headed ogre
 12581 | Orc:2    | Killed a two-headed ogre
 12581 | Orc:2    | Reached skill level 10 in Shields
 12835 | Orc:2    | Found a staircase to the Elven Halls.
 12885 | Orc:2    | Noticed Azrael
 12966 | Orc:2    | HP: 3/80 [Azrael/fireball (28)]
 12967 | Orc:2    | Killed Azrael
 12967 | Orc:2    | Reached skill level 11 in Shields
 12967 | Orc:2    | Reached XP level 13. HP: 3/85 MP: 0/25
 13188 | Orc:2    | Found a burning altar of Makhleb.
 13223 | Orc:2    | Found a roughly hewn altar of Beogh.
 13443 | Orc:2    | Reached skill level 12 in Shields
 13457 | Orc:2    | Reached skill level 13 in Shields
 13582 | Orc:2    | Reached skill level 14 in Shields
 13627 | Orc:2    | Found Tawe's Gadget Emporium.
 13631 | Orc:2    | Found Nuoc's Weapon Shop.
 13637 | Orc:2    | Found Jueh's Antique Weapon Shop.
 13639 | Orc:2    | Found Piytz's Armour Emporium.
 13874 | Lair:1   | Entered Level 1 of the Lair of Beasts
 14267 | Lair:1   | You fall through a shaft!
 14452 | Lair:2   | Reached skill level 15 in Shields
 14542 | Lair:2   | Noticed a five-headed hydra
 14548 | Lair:2   | Killed a five-headed hydra
 15087 | Lair:1   | Reached XP level 14. HP: 94/94 MP: 26/26
 15543 | Lair:3   | Found a gate leading to a gauntlet.
 15563 | Gauntlet | Entered a Gauntlet
 15563 | Gauntlet | Found a transporter.
 15563 | Gauntlet | Found a transporter.
 15571 | Gauntlet | Found a transporter.
 15576 | Gauntlet | Found a transporter.
 15579 | Gauntlet | Found a runed translucent door.
 15581 | Gauntlet | Found a runed translucent door.
 15583 | Gauntlet | Found a transporter.
 15587 | Gauntlet | Found a transporter.
 15595 | Gauntlet | Found a transporter.
 15611 | Gauntlet | Found a transporter.
 15628 | Gauntlet | Found a transporter.
 15629 | Gauntlet | Found a transporter.
 15637 | Gauntlet | Found a transporter.
 15641 | Gauntlet | Found a transporter.
 16006 | Gauntlet | Reached skill level 5 in Fighting
 16007 | Gauntlet | Reached ****** piety under Kikubaaqudgha
 16029 | Gauntlet | Got pitted shadow dragon scales
 16035 | Gauntlet | Received a gift from Kikubaaqudgha
 16055 | Gauntlet | Identified the cursed +0 shadow dragon scales of Submission
                  | {Dex+7 Stlth++++} (You found it in a Gauntlet)
 16144 | Gauntlet | Identified the +7 falchion of Discomfort {slice, Str+2
                  | Dex+3}
 16144 | Gauntlet | Noticed a minotaur
 16154 | Gauntlet | Killed a minotaur
 16209 | Gauntlet | Got a warped hand axe
 16215 | Gauntlet | Identified the +7 hand axe of World's End {antimagic, rF+
                  | rC- Dex+4} (You found it in a Gauntlet)
 16227 | Gauntlet | Got a dazzling helmet
 16240 | Lair:3   | Fell from the grace of Kikubaaqudgha
 16296 | Lair:2   | Reached skill level 5 in Armour
 16527 | D:6      | Became a worshipper of Gozag Ym Sagoz the Greedy
 17061 | Lair:3   | Found a staircase to the Snake Pit.
 17113 | Lair:3   | Reached skill level 5 in Dodging
 17357 | Lair:3   | Identified the +1 robe of the Sun {MP+9 Str-3 Slay+4 SInv}
 18080 | D:4      | Bought a bubbling cyan potion for 23 gold pieces
 18080 | D:4      | Bought a potion of curing for 78 gold pieces
 18080 | D:4      | Bought a bubbling cyan potion for 23 gold pieces
 19160 | Lair:4   | HP: 2/101 [soul eater/drain life[the malice of
                  | Kikubaaqudgha] (20)]
 19160 | Lair:4   | Killed from afar by a soul eater

Skill      XL: |  1  2  3  4  5  6  7  8  9 10 11 12 13 14 |
---------------+-------------------------------------------+-----
Conjurations   | 1 2 3 4 5 6 |  6.0
Poison Magic   | 1 3 5 6 |  6.0
Fire Magic     | 1 2 4 5 |  5.0
Air Magic      | 2 3 5 |  5.1
Spellcasting   | 6 8 |  8.0
Necromancy     | 7 9 |  9.0
Earth Magic    | 9 |  9.0
Dodging        | 2 3 5 |  5.9
Armour         | 1 2 6 |  6.6
Evocations     | 1 |  1.3
Fighting       | 1 2 3 7 |  7.1
Stealth        | 3 |  3.1
Shields        | 11 15 | 15.0
Summonings     | |  1.0
Translocations | |  0.8

Action                   |  1- 3 |  4- 6 |  7- 9 | 10-12 | 13-15 || total
-------------------------+-------+-------+-------+-------+-------++-------
Melee: Unarmed           |    16 |       |       |       |       ||    16
       Dagger            |    24 |    22 |     4 |   202 |    94 ||   346
       Mace              |     6 |       |       |       |       ||     6
       Hand axe          |       |    96 |   232 |   148 |       ||   476
       Glaive            |       |       |    39 |    48 |    84 ||   171
       Scimitar          |       |       |       |    51 |    52 ||   103
       Falchion          |       |       |       |       |   147 ||   147
Throw: Stone             |       |     7 |       |       |       ||     7
 Cast: Magic Dart        |    65 |   104 |    57 |    32 |    41 ||   299
       Mephitic Cloud    |       |     5 |    26 |    53 |    32 ||   116
       Conjure Flame     |       |     3 |    28 |    42 |    20 ||    93
       Borgnjor's Vile C |       |       |       |    40 |    55 ||    95
       Vampiric Draining |       |       |       |     4 |     3 ||     7
       Dispel Undead     |       |       |       |     4 |       ||     4
       Sublimation of Bl |       |       |       |     9 |     3 ||    12
Invok: Receive Necronomi |       |       |       |       |     1 ||     1
       Renounce Religion |       |       |       |       |     1 ||     1
 Abil: Dig               |     2 |     7 |    11 |    25 |     7 ||    52
Evoke: Wand              |       |       |       |    13 |     2 ||    15
       Phial of floods   |       |       |       |     1 |       ||     1
  Use: Scroll            |     4 |     4 |     2 |     3 |     3 ||    16
       Potion            |       |       |       |     1 |       ||     1
 Stab: Sleeping          |     2 |       |     1 |       |       ||     3
       Confused          |       |     1 |     7 |    14 |    14 ||    36
  Eat: Chunk             |     2 |     9 |    14 |    29 |    19 ||    73
       Ration            |       |     1 |     1 |       |     5 ||     7
Armor: Robe              |    11 |     4 |       |       |       ||    15
       Leather armour    |       |    43 |    53 |       |       ||    96
       Troll leather arm |       |       |    23 |   109 |    65 ||   197
Dodge: Dodged            |    46 |    94 |   189 |   425 |   208 ||   962
Block: Large shield      |       |       |       |       |   424 ||   424
       Rpst.: Scimitar   |       |       |       |    15 |     3 ||    18
       Falchion          |       |       |       |       |    19 ||    19
